 Dungeon Crawl Stone Soup version 0.16.1-29-g3e760ad (webtiles) character file.

501646 Krapule the Conqueror (level 24, -1/249 HPs)
             Began as a Minotaur Gladiator on June 7, 2015.
             Was the Champion of Qazlal.
             Killed from afar by a starcursed mass (8 damage)
             ... with an accursed screaming
             ... on level 2 of the Abyss on June 8, 2015.
             The game lasted 05:52:03 (52416 turns).

Krapule the Conqueror (Minotaur Gladiator)         Turns: 52416, Time: 05:52:03

Health: -1/249     AC: 50    Str: 33    XL:     24   Next: 5%
Magic:  2/36       EV: 34    Int:  5    God:    Qazlal [******]
Gold:   4084       SH:  8    Dex: 26    Spells: 0 memorised, 23 levels left

rFire  + . .     SeeInvis .     X - +2 great sword (holy)
rCold  + + +     Clarity  +     S - +12 gold dragon armour
rNeg   + . .     SustAb   .     (no shield)
rPois  +         Gourm    .     D - +5 hat of Ashenzari's Scorn {rC+ Dex+4}
rElec  .         Spirit   .     y - +2 cloak
rCorr  .         Warding  .     V - +2 pair of fencer's gloves {EV+3 Dex+6 Slay+2}
rMut   .         Stasis   .     v - +2 pair of boots of the Moon {rN+}
MR     +....                    I - amulet of rage
Stlth  ..........               j - ring "Ahuomirphirph" {+Fly rF- rC+ Str+6 Stlth+}
                                U - ring of protection from fire

@: about to teleport, repel missiles, somewhat resistant to hostile
enchantments, extremely unstealthy
A: retaliatory headbutt, horns 2, molten scales 1, clarity, wild magic 1
a: Upheaval, Elemental Force, Disaster Area, Renounce Religion, Evoke Berserk
Rage, Evoke Flight
}: 2/15 runes: decaying, serpentine


You were on level 2 of the Abyss.
You worshipped Qazlal.
Qazlal was exalted by your worship.
You were very hungry.

You visited 9 branches of the dungeon, and saw 50 of its levels.
You visited the Abyss 1 time.
You also visited: Trove and Ossuary.

You collected 5743 gold pieces.
You spent 1659 gold pieces at shops.

Inventory:

Hand weapons
 a - a +5 great sword of freezing
 b - a +2 great sword of flaming
 X - a +2 great sword of holy wrath (weapon)
Armour
 d - the +7 plate armour of Galuepto {+Fly rC- SInv}
   (You found it on level 12 of the Dungeon)

   It makes you vulnerable to cold.
   It enhances your eyesight.
   It lets you fly.
 k - the +1 pair of gloves of Least Resistance {rPois rF+ rC- MR- Regen+}
   (You found it on level 7 of the Dungeon)

   It protects you from fire.
   It makes you vulnerable to cold.
   It protects you from poison.
   It affects your resistance to hostile enchantments.
   It increases your rate of regeneration.
 v - the +2 pair of boots of the Moon (worn) {rN+}
   (You found it in a treasure trove)

   It protects you from negative energy.
 y - a +2 cloak (worn)
 D - the +5 hat of Ashenzari's Scorn (worn) {rC+ Dex+4}
   (You found it in a treasure trove)

   It affects your dexterity (+4).
   It protects you from cold.
 H - the +6 ice dragon armour "Ghifauqi" {rElec rPois rF- rC++ Regen+ MP+9 Dex-4}
   (You found it in a treasure trove)

   It affects your dexterity (-4).
   It makes you vulnerable to fire.
   It greatly protects you from cold.
   It insulates you from electricity.
   It protects you from poison.
   It affects your magic capacity (+9).
   It increases your rate of regeneration.
 S - a +12 gold dragon armour (worn)
 V - the +2 pair of fencer's gloves (worn) {EV+3 Dex+6 Slay+2}
   (You acquired it on level 8 of the Lair of Beasts)

   It affects your evasion (+3).
   It affects your dexterity (+6).
   It affects your accuracy and damage with ranged weapons and melee attacks
   (+2).
Rods
 w - a +4 rod of destruction (10/10)
   (You found it on level 1 of the Abyss)
Jewellery
 j - the ring "Ahuomirphirph" (right hand) {+Fly rF- rC+ Str+6 Stlth+}
   (You found it on level 4 of the Orcish Mines)

   [ring of stealth]

   It affects your strength (+6).
   It makes you vulnerable to fire.
   It protects you from cold.
   It lets you fly.
   It makes you more stealthy.
 m - an uncursed ring of sustain abilities
 n - an uncursed amulet of warding
 z - an uncursed ring of see invisible
 B - an uncursed amulet of resist corrosion
 I - an amulet of rage (around neck)
 J - an uncursed ring of positive energy
 U - a ring of protection from fire (left hand)
 W - an uncursed ring of protection from magic
Magical devices
 g - a wand of disintegration (11)
 o - a wand of invisibility (6)
 K - a wand of teleportation (8)
 M - a wand of draining (8)
 N - a wand of digging (0)
Scrolls
 e - 20 scrolls of identify
 i - 2 scrolls of fear
 l - 12 scrolls of teleportation
 p - a scroll of recharging
 r - 9 scrolls of fog
 s - 7 scrolls of blinking
 u - 27 scrolls of remove curse
 Z - 6 scrolls of magic mapping
Potions
 c - a potion of might
 q - a potion of cancellation
 A - 3 potions of restore abilities
 F - 20 potions of curing
 O - a potion of flight
 Q - 3 potions of resistance
Comestibles
 f - 18 bread rations
 h - 5 royal jellies


   Skills:
 O Level 27 Fighting
 - Level 12.0 Long Blades
 - Level 2.0 Throwing
 + Level 17.1 Armour
 + Level 26.9 Dodging
 - Level 16.0 Invocations


You had 23 spell levels left.
You didn't know any spells.

Dungeon Overview and Level Annotations

Branches:
Dungeon (15/15)            Temple (1/1) D:4            Lair (8/8) D:11
  Swamp (5/5) Lair:4        Snake (5/5) Lair:4        Slime (0/6) Lair:6
    Orc (4/4) D:9             Elf (3/3) Orc:3        Vaults (4/5) D:14
  Crypt (0/3) Vaults:2     Depths (5/5) D:15
    Zot: Depths:5

Altars:
Ashenzari
Cheibriados
Dithmenos
Elyvilon
Fedhas
Gozag
Kikubaaqudgha
Makhleb
Nemelex Xobeh
Okawaru
Qazlal
Ru
Sif Muna
Trog
Vehumet
Xom
Yredelemnul
Zin
The Shining One
Beogh
Jiyva

Shops:
D:5 (   D:7 *   D:14 ?   D:15 :   Orc:1 %   Orc:4 *%?*   Vaults:1 ([}:

Portals:
Hell: Depths:1 Depths:2 Depths:3 Depths:4
Abyss: Depths:1 Depths:4
Pandemonium: Depths:1 Depths:3
Ziggurat: Depths:5

Annotations:
Snake:4 Mara


Innate Abilities, Weirdness & Mutations

You reflexively headbutt those who attack you in melee.
You have a pair of horns on your head.
You are partially covered in molten scales (AC +1).
You possess an exceptional clarity of mind.
Your spells are a little harder to cast, but a little more powerful.


Message History

Okay, then.
Drink which item? (? for menu, Esc to quit)
You feel better. A chorus of shrieks assaults your mind.
* * * LOW HITPOINT WARNING * * *
Read which item? (? for menu, Esc to quit)
As you read the scroll of fear, it crumbles to dust.
You assume a fearsome visage.
The smoke demon is unaffected.
The small abomination is unaffected.
The starcursed mass is unaffected.
The starcursed mass is unaffected.
The starcursed mass completely misses you.
You furiously retaliate!
You headbutt the starcursed mass!
The starcursed mass shudders and is absorbed by its neighbour.
A starcursed mass splits.
Read which item? (? for menu, Esc to quit)
As you read the scroll of teleportation, it crumbles to dust.
You feel strangely unstable.
You feel the power of the Abyss delaying your translocation.
A chorus of shrieks assaults your mind.
You die...

# # # .. . ##
. # .#. #. ..
.#. .. .. . #
..#.# .. ....
.. .## #..†..
#####. # ##
.....##@#
##.. #..#X###
. # #
..##.#.3#.#
#...#>Xx..# .
.. . #.##†#..
3## . . ##
...#.###§# #
. ..
##†.##.## . .
#........G§..
#...........
#


You could see 2 starcursed masses, a smoke demon and a small abomination.

Vanquished Creatures
  2 ancient liches (Abyss:2)
  Sojobo (Depths:2)
  A golden dragon (Depths:5)
  A profane servitor (Depths:1)
  3 bone dragons (Abyss:2)
  Nikola (Snake:1)
  2 liches
  A tentacled monstrosity (Depths:3)
  Asterion (Swamp:1)
  A deep elf blademaster (Elf:3)
  A titan (Depths:4)
  A quicksilver dragon (Depths:4)
  3 thorn hunters
  2 tentacled starspawn (Abyss:2)
  Rupert (D:14)
  2 sphinxes
  Agnes (Depths:1)
  4 tengu reavers
  A storm dragon (shapeshifter) (Depths:3)
  A spectral weapon (Swamp:1)
  A revenant (Abyss:1)
  5 storm dragons
  2 fire giants
  7 greater nagas (Snake:5)
  Wiglaf (Depths:3)
  12 frost giants
  4 emperor scorpions
  Aizul (Vaults:2)
  Louise (D:15)
  2 iron dragons
  2 orc warlords
  A cacodemon (Abyss:2)
  13 vault wardens
  2 deep elf sorcerers
  A balrug (Depths:4)
  A reaper (Abyss:2)
  Jorgrun (Elf:2)
  7 very ugly things
  2 spriggan defenders (Depths:4)
  A ghoul (Abyss:2)
  A vampire knight (Depths:5)
  A draconian shifter (Depths:5)
  A grey draconian (Depths:5)
  17 ironheart preservers
  A war gargoyle (Vaults:2)
  17 stone giants
  3 deep elf demonologists
  A black draconian (Depths:5)
  A green draconian (Depths:5)
  A red draconian (Depths:5)
  A purple draconian (Depths:5)
  A mottled draconian (Depths:5)
  A deep elf annihilator (Elf:1)
  3 dire elephants
  9 ettins
  2 pearl dragon zombies (Depths:1)
  Snorg (Lair:8)
  4 deep elf death magi
  9 fire dragons
  A spectral quicksilver dragon (Abyss:1)
  6 ice dragons
  3 vault guards
  2 deep elf high priests
  19 yaktaur captains
  A quicksilver dragon skeleton (Abyss:2)
  A hell beast (Depths:3)
  13 centaur warriors
  12 naga warriors
  3 ghost crabs
  4 alligators
  4 rakshasas
  32 hydras
  8 great orbs of eyes
  Erica (Lair:6)
  4 spriggan air magi (Depths:4)
  17 dancing weapons (Elf:2)
  6 tengu warriors
  7 deep troll earth magi
  6 deep troll shamans
  4 anacondas
  2 death knights
  3 catoblepae
  15 ogre magi
  34 death yaks
  8 shock serpents
  4 hell hogs
  Urug (D:10)
  27 spriggans
  7 spriggan berserkers
  7 naga sharpshooters
  7 orc high priests
  2 soul eaters
  4 thrashing horrors (Abyss:2)
  Nergalle (D:10)
  2 fire crabs
  2 iron trolls (Depths:3)
  7 wretched stars
  4 shadow wraiths
  3 skeletal warriors (Vaults:2)
  18 deep elf knights
  36 deep trolls
  2 naga ritualists
  10 hell knights
  2 flayed ghosts
  16 ironbrand convokers
  5 spriggan druids
  2 spatial maelstroms (Abyss:1)
  A deep troll (shapeshifter) (Vaults:4)
  3 shambling mangroves
  13 unseen horrors
  4 giant orange brains
  12 swamp dragons
  An unseen horror (shapeshifter) (Vaults:2)
  5 lindwurms
  A harpy (shapeshifter) (Depths:5)
  5 hill giants
  A sphinx zombie (Depths:2)
  4 wizards
  Pikel (D:9)
  3 harpies (Vaults:4)
  A golden dragon skeleton (Abyss:2)
  12 deep elf summoners
  3 mana vipers
  A spectral wolf spider (Abyss:1)
  A tengu zombie (Depths:2)
  12 deep elf conjurers
  A spectral hydra (Abyss:1)
  2 hell hog zombies (Depths:1)
  3 wolf spiders
  5 necromancers
  13 orc knights
  An iron dragon zombie (Abyss:1)
  3 phantasmal warriors
  61 ugly things
  A mana viper (shapeshifter) (Depths:1)
  2 oklob plants
  8 cyclopes
  2 frost giant skeletons
  A stone giant zombie (Depths:2)
  4 guardian serpents
  6 griffons
  An orb spider (shapeshifter) (Vaults:2)
  4 manticores
  A manticore (shapeshifter) (Depths:2)
  2 sixfirhies
  A sphinx skeleton (Depths:2)
  4 hornets
  12 orc sorcerers
  A spectral ettin (Abyss:1)
  A water nymph (shapeshifter) (Vaults:3)
  A worldbinder (Abyss:1)
  2 salamanders
  Maurice (D:10)
  4 elephants (Lair:8)
  4 apis skeletons (Depths:1)
  3 rust devils
  16 naga magi
  Joseph (Orc:3)
  32 black mambas
  9 vault sentinels
  61 yaktaurs
  A queen ant (Lair:6)
  8 torpor snails
  A torpor snail (shapeshifter) (Depths:4)
  4 orange demons
  Psyche (D:9)
  2 smoke demons
  2 gargoyles
  6 centaur skeletons
  18 spiny frogs
  An elf (shapeshifter) (Depths:1)
  4 kobold demonologists
  2 efreet (Abyss:2)
  2 tengu conjurers
  8 komodo dragons
  3 demonic crawlers (Elf:1)
  6 hellwings
  8 deep elf priests
  A jumping spider (Vaults:1)
  3 fire drakes (Lair:8)
  6 polar bears
  2 ancient zymes (Abyss:2)
  9 freezing wraiths
  A baby alligator (shapeshifter) (Vaults:3)
  11 trolls
  Sonja (Swamp:1)
  Grinder (D:5)
  24 two-headed ogres
  5 blink frogs (Lair:8)
  A harpy skeleton (Abyss:2)
  20 large abominations
  A snapping turtle (shapeshifter) (Vaults:3)
  7 raiju
  9 giant leeches
  8 bog bodies
  2 blue devils
  5 boulder beetles
  An ettin zombie (Orc:4)
  10 air elementals
  A wind drake (shapeshifter) (Vaults:3)
  9 basilisks
  23 ravens
  61 slime creatures
  10 flying skulls
  A frost giant simulacrum (Depths:3)
  2 shadows
  4 baby alligators (Swamp:1)
  31 yaks
  2 wraiths
  2 ynoxinuls (Abyss:2)
  3 vampires
  3 chaos spawn (Abyss:2)
  A water elemental (Abyss:2)
  A tarantella (shapeshifter) (Depths:2)
  2 centaur simulacra (D:15)
  2 wyverns
  8 redbacks
  2 steam dragons (Lair:8)
  3 tarantellas
  A redback (shapeshifter) (Vaults:2)
  34 deep elf fighters
  34 deep elf magi
  2 neqoxecs
  A human (D:9)
  4 hungry ghosts
  49 nagas
  12 hippogriffs
  2 spatial vortices (Abyss:1)
  3 mottled dragons
  21 vampire mosquitoes
  10 insubstantial wisps
  Edmund (D:4)
  A human zombie (Depths:5)
  27 swamp worms
  6 wargs
  33 water moccasins
  7 wolves
  A hell hound (Depths:3)
  A deep troll zombie (Depths:2)
  7 porcupines
  A spectral snapping turtle (Abyss:1)
  9 swamp drakes
  A spectral hippogriff (Swamp:4)
  12 ice beasts
  A slave (D:9)
  2 black bears
  63 orc warriors
  8 soldier ants
  2 spiders (Orc:1)
  A manticore zombie (Abyss:2)
  5 phantoms
  An ice beast (shapeshifter) (Vaults:4)
  23 wasps
  An eye of draining (Abyss:2)
  12 boggarts
  67 ogres
  2 sky beasts
  24 centaurs
  A tengu (shapeshifter) (Vaults:3)
  A boring beetle (Lair:8)
  A spectral wyvern (Abyss:1)
  4 elf zombies
  12 crocodiles
  Blork the orc (D:6)
  22 giant frogs
  7 brain worms
  2 gnoll sergeants
  2 wyvern skeletons
  3 big kobolds
  A water moccasin zombie (D:8)
  A deep troll simulacrum (Vaults:1)
  13 small abominations
  3 scorpions
  A water moccasin skeleton (D:11)
  2 spriggan zombies (Depths:2)
  A killer bee (D:9)
  The ghost of Kreidmar the Shooter, a weakling CeHu (D:3)
  5 crimson imps
  7 electric eels
  12 wights
  A goliath beetle (D:8)
  2 quasits
  21 starcursed masses
  7 centaur zombies
  2 giant frog zombies
  15 hounds
  13 iguanas
  2 jellies
  32 orc priests
  38 orc wizards
  3 giant frog skeletons
  5 hell rats
  An iron imp (Abyss:2)
  32 worker ants
  13 sheep
  2 big kobold zombies (Ossuary)
  2 ogre zombies
  7 mummies (Ossuary)
  A hound skeleton (D:13)
  22 adders
  7 river rats (Lair:1)
  3 giant mites
  21 gnolls
  A shadow imp (Depths:4)
  2 white imps (Abyss:2)
  9 ufetubi (Abyss:2)
  18 worms
  An adder skeleton (D:6)
  6 adder zombies (Ossuary)
  7 giant geckos
  2 oozes
  290 orcs
  2 ball pythons
  A bat zombie (D:5)
  9 giant cockroaches
  2 gnoll zombies (Ossuary)
  18 goblins
  23 hobgoblins
  12 jackals
  12 quokkas
  A ball python skeleton (D:4)
  18 bats
  2 giant newts
  2 giant spores
  3 goblin zombies (Ossuary)
  4 hobgoblin zombies
  32 kobolds
  3 kobold zombies (Ossuary)
  8 orc zombies
  A quokka skeleton (D:5)
  2 quokka zombies (Ossuary)
  7 rats
  3 rat zombies (Ossuary)
  4 spectral orcs (D:10)
  4 ballistomycetes
  4 briar patches (Swamp:4)
  6 bushes
  2 crawling corpses (Depths:3)
  69 fungi
  73 plants
2802 creatures vanquished.

Vanquished Creatures (others)
  A white draconian (Depths:5)
  A dire elephant (Depths:2)
  A yaktaur captain (Depths:2)
  An ogre mage (Depths:2)
  A spriggan (Swamp:4)
  A deep elf knight (Vaults:3)
  A hell knight (Depths:2)
  An unseen horror (Depths:1)
  A necromancer (Depths:5)
  A wolf spider (shapeshifter) (Depths:5)
  An iron dragon zombie (Depths:5)
  A salamander (Snake:3)
  A black mamba (Snake:2)
  A spiny frog (Swamp:5)
  A centaur skeleton (D:10)
  A slime creature (Swamp:5)
  A fire dragon zombie (Depths:2)
  2 two-headed ogres (Depths:2)
  A flying skull (Depths:3)
  An air elemental (Swamp:1)
  A water elemental (Swamp:1)
  2 slaves (D:9)
  A deep elf fighter (Vaults:2)
  A swamp worm (Swamp:5)
  An ogre (Depths:2)
  A wasp (Swamp:4)
  2 orc warriors
  A centaur (D:14)
  A giant frog (D:9)
  A spriggan zombie (Depths:2)
  A killer bee (D:9)
  2 orc wizards
  An ufetubus (Abyss:2)
  An orc zombie (Orc:4)
  3 orcs
  A quokka (D:14)
  4 fungi
  9 plants
  16 starspawn tentacles (Abyss:2)
  24 starspawn tentacle segments (Abyss:2)
95 creatures vanquished.

Grand Total: 2897 creatures vanquished

Notes
Turn   | Place    | Note
--------------------------------------------------------------
     0 | D:1      | Krapule, the Minotaur Gladiator, began the quest for the Orb.
     0 | D:1      | Reached XP level 1. HP: 18/18 MP: 1/1
   158 | D:1      | Reached skill level 1 in Armour
   180 | D:1      | Reached XP level 2. HP: 8/25 MP: 1/1
   709 | D:1      | Reached XP level 3. HP: 30/30 MP: 2/2
  1255 | D:2      | Reached skill level 4 in Long Blades
  1705 | D:2      | Reached XP level 4. HP: 38/38 MP: 2/2
  2277 | D:3      | Noticed Kreidmar's ghost (weakling CeHu)
  2292 | D:3      | Killed Kreidmar's ghost
  2292 | D:3      | Reached XP level 5. HP: 32/46 MP: 2/2
  2605 | D:5      | Entered Level 5 of the Dungeon
  2614 | D:5      | Found Semmyreo's Antique Weapon Shoppe.
  2621 | D:5      | Bought a runed long sword for 66 gold pieces
  2771 | D:4      | Found a glowing silver altar of Zin.
  2886 | D:4      | Found a staircase to the Ecumenical Temple.
  2896 | D:4      | Reached skill level 5 in Dodging
  2896 | D:4      | Reached XP level 6. HP: 21/53 MP: 3/3
  2942 | Temple   | Entered the Ecumenical Temple
  3166 | D:4      | Noticed Edmund
  3189 | D:4      | Killed Edmund
  3189 | D:4      | Reached skill level 5 in Fighting
  3450 | D:4      | HP: 2/56 [poisoned by an orc]
  3908 | D:5      | Noticed Grinder
  3915 | D:5      | Killed Grinder
  3915 | D:5      | Reached skill level 5 in Armour
  3915 | D:5      | Reached skill level 6 in Dodging
  3915 | D:5      | Reached XP level 7. HP: 51/62 MP: 3/3
  4145 | D:5      | Noticed an ice beast
  4156 | D:5      | Killed an ice beast
  4192 | D:5      | Found an ancient bone altar of Kikubaaqudgha.
  4284 | D:5      | Noticed a centaur
  4291 | D:5      | Killed a centaur
  4294 | D:5      | Reached XP level 8. HP: 53/71 MP: 3/3
  4467 | D:5      | Found a stormy altar of Qazlal.
  4480 | D:5      | Became a worshipper of Qazlal Stormbringer
  4531 | D:5      | Found a deep blue altar of Sif Muna.
  4531 | D:5      | Found an iron altar of Okawaru.
  4672 | D:6      | Reached skill level 1 in Invocations
  4681 | D:6      | Reached skill level 7 in Fighting
  4779 | D:6      | Got a distressingly furry ring mail
  4790 | D:6      | Identified the +2 ring mail of Conscience {MR- Dex+8} (You found it on level 6 of the Dungeon)
  4800 | D:6      | Noticed Blork the orc
  4810 | D:6      | Killed Blork the orc
  5025 | D:6      | Acquired Qazlal's first power
  5243 | D:7      | Found a sand-covered staircase.
  5251 | Ossuary  | Entered an ossuary
  5418 | Ossuary  | Acquired Qazlal's second power
  5447 | Ossuary  | Reached XP level 9. HP: 81/81 MP: 9/9
  5564 | Ossuary  | Reached skill level 8 in Fighting
  5668 | D:7      | Found a snail-covered altar of Cheibriados.
  5746 | D:7      | Found Kaawaaj's Assorted Antiques.
  5961 | D:7      | Found a shattered altar of Ashenzari.
  5963 | D:7      | Found a shimmering altar of Xom.
  5977 | D:7      | Got a pair of bloodstained gloves
  5988 | D:7      | Identified the +1 pair of gloves of Least Resistance {rPois rF+ rC- MR- Regen+} (You found it on level 7 of the Dungeon)
  6260 | D:7      | Acquired Qazlal's third power
  6723 | D:8      | Gained mutation: You are partially covered in molten scales (AC +1). [potion of mutation]
  6723 | D:8      | Gained mutation: You possess an exceptional clarity of mind. [potion of mutation]
  6723 | D:8      | Gained mutation: Your spells are a little harder to cast, but a little more powerful. [potion of mutation]
  6921 | D:8      | Reached skill level 9 in Fighting
  6937 | D:8      | Reached skill level 5 in Invocations
  7268 | D:9      | Noticed Psyche
  7284 | D:9      | Killed Psyche
  7510 | D:9      | Noticed Pikel
  7538 | D:9      | Killed Pikel
  7538 | D:9      | Reached XP level 10. HP: 91/93 MP: 10/15
  7561 | D:9      | Found a bloodstained altar of Trog.
  7573 | D:9      | Acquired Qazlal's fourth power
  7602 | D:9      | Reached skill level 10 in Fighting
  7999 | D:10     | Entered Level 10 of the Dungeon
  8017 | D:10     | Reached skill level 5 in Long Blades
  8053 | D:10     | Got a polished spear
  8054 | D:10     | Identified the cursed -1 spear "Plog" {pain, +Blink rElec rF+} (You found it on level 10 of the Dungeon)
  8062 | D:9      | Reached skill level 10 in Dodging
  8187 | D:9      | Found a staircase to the Orcish Mines.
  8201 | Orc:1    | Entered Level 1 of the Orcish Mines
  8208 | Orc:1    | Acquired Qazlal's fifth power
  8630 | Orc:1    | Noticed an orc knight
  8778 | D:9      | Reached skill level 11 in Fighting
  9071 | D:10     | Noticed Maurice
  9081 | D:10     | Noticed Nergalle
  9092 | D:10     | Killed Maurice
  9092 | D:10     | Reached XP level 11. HP: 91/102 MP: 18/18
  9099 | D:10     | Killed Nergalle
  9217 | D:10     | Noticed a hill giant
  9242 | D:10     | Killed a hill giant
  9272 | D:10     | Noticed Urug
  9290 | D:10     | Killed Urug
  9379 | D:10     | Reached skill level 12 in Fighting
  9675 | D:11     | Got a twisted robe
  9690 | D:11     | Identified the cursed -3 robe "Afru" {rN+ MP+9 Stlth+} (You found it on level 11 of the Dungeon)
  9737 | D:11     | Found a staircase to the Lair.
 10143 | D:11     | Found a blossoming altar of Fedhas.
 10671 | D:12     | Noticed a lindwurm
 10673 | D:12     | Noticed a lindwurm
 10771 | D:12     | Got a distressingly furry plate armour
 10783 | D:12     | Identified the +7 plate armour of Galuepto {+Fly rC- SInv} (You found it on level 12 of the Dungeon)
 10837 | D:12     | Noticed a lindwurm
 10839 | D:12     | Noticed a lindwurm
 10857 | D:12     | Identified Ruiqathriysh's Guide on Creation
 10952 | D:12     | Noticed a centaur warrior
 10966 | D:12     | Killed a centaur warrior
 11379 | D:13     | Noticed a tengu warrior
 11387 | D:13     | Noticed a four-headed hydra
 11398 | D:13     | Killed a tengu warrior
 11398 | D:13     | Reached skill level 13 in Fighting
 11398 | D:13     | Reached XP level 12. HP: 75/115 MP: 14/22
 11401 | D:13     | Killed a five-headed hydra
 11457 | D:13     | Noticed a centaur warrior
 11468 | D:13     | Killed a centaur warrior
 11468 | D:13     | Reached skill level 10 in Invocations
 12118 | D:14     | Noticed a centaur warrior
 12279 | D:14     | Noticed Rupert
 12296 | D:14     | Paralysed by Rupert for 7 turns
 12329 | D:14     | Paralysed by Rupert for 6 turns
 12583 | D:14     | Reached skill level 14 in Fighting
 12614 | D:14     | Found a white marble altar of Elyvilon.
 12724 | D:14     | Noticed a centaur warrior
 12728 | D:14     | Killed a centaur warrior
 12802 | D:14     | Killed a centaur warrior
 12895 | D:14     | Noticed a yaktaur captain
 12901 | D:14     | Found a gate to the Vaults.
 12906 | D:14     | Killed a yaktaur captain
 12909 | D:14     | Reached XP level 13. HP: 63/125 MP: 24/24
 13006 | D:14     | Found Ovaobb's Magic Scroll Shop.
 13015 | D:14     | Bought a scroll of acquirement for 832 gold pieces
 13266 | D:14     | Found a portal to a secret trove of treasure.
 13487 | D:15     | Entered Level 15 of the Dungeon
 13832 | D:15     | Found a white marble altar of Elyvilon.
 13901 | D:15     | Noticed Louise
 13959 | D:15     | Killed Louise
 13982 | D:15     | Found Waamauts' Book Emporium.
 14010 | D:15     | Reached skill level 15 in Fighting
 14292 | D:14     | Bought 3 scrolls of identify for 96 gold pieces
 14528 | Lair:1   | Entered Level 1 of the Lair of Beasts
 17315 | Lair:4   | Reached XP level 14. HP: 125/136 MP: 26/26
 17374 | Lair:4   | Reached skill level 16 in Fighting
 17431 | Lair:4   | Found a staircase to the Snake Pit.
 17775 | Lair:4   | Found a staircase to the Swamp.
 17901 | Lair:4   | Reached skill level 15 in Dodging
 17902 | Lair:4   | Reached skill level 10 in Armour
 18785 | Lair:6   | Noticed Erica
 19372 | Lair:6   | Found a staircase to the Slime Pits.
 19372 | Lair:6   | Found a viscous altar of Jiyva.
 19531 | Lair:6   | Killed Erica
 19800 | Lair:8   | Entered Level 8 of the Lair of Beasts
 19870 | Lair:8   | Noticed Snorg
 19900 | Lair:8   | Killed Snorg
 20098 | Lair:8   | Reached skill level 17 in Fighting
 21099 | Lair:8   | Found a runed door.
 21264 | Lair:8   | Reached XP level 15. HP: 146/148 MP: 27/27
 21755 | D:14     | Killed Rupert
 21828 | D:14     | You paid a toll of 21 scrolls of identify to enter a treasure trove
 21829 | Trove    | Entered a treasure trove
 21841 | Trove    | Got a pair of faintly humming boots
 21844 | Trove    | Got a faintly humming plate armour
 21847 | Trove    | Got a pitted ring mail
 21849 | Trove    | Got a faintly glowing leather armour
 21857 | Trove    | Got a smoking hat
 21859 | Trove    | Got an amber-encrusted plate armour
 21863 | Trove    | Got a faintly humming ice dragon armour
 21878 | Trove    | Identified the +5 hat of Ashenzari's Scorn {rC+ Dex+4} (You found it in a treasure trove)
 21898 | Trove    | Identified the +2 pair of boots of the Moon {rN+} (You found it in a treasure trove)
 21902 | Trove    | Got a slimy robe
 21960 | Trove    | Identified the +0 robe of Difueddy {+Blink rN+ Int+6 Stlth-} (You found it in a treasure trove)
 21970 | Trove    | Identified the +5 ring mail of Teviot {-Cast rF+ rC+ Stlth+} (You found it in a treasure trove)
 21980 | Trove    | Identified the +0 leather armour of Urehi {rF- MR++ Int+2} (You found it in a treasure trove)
 21990 | Trove    | Identified the +4 plate armour of the Beginning {rN+} (You found it in a treasure trove)
 22000 | Trove    | Identified the +6 ice dragon armour "Ghifauqi" {rElec rPois rF- rC++ Regen+ MP+9 Dex-4} (You found it in a treasure trove)
 22010 | Trove    | Identified the +0 plate armour of the Pleiades {MP+9} (You found it in a treasure trove)
 22310 | D:15     | Found a staircase to the Depths.
 22340 | Depths:1 | Entered Level 1 of the Depths
 22340 | Depths:1 | Noticed a sphinx
 22350 | Depths:1 | Killed a sphinx
 22350 | Depths:1 | Reached skill level 18 in Fighting
 22362 | Depths:1 | Found a gateway to Hell.
 23136 | Snake:1  | Entered Level 1 of the Snake Pit
 23208 | Snake:1  | Noticed Nikola
 23239 | Snake:1  | Killed Nikola
 23264 | Snake:1  | Found a bloodstained altar of Trog.
 23637 | Snake:2  | Found a glowing silver altar of Zin.
 24926 | Snake:3  | Reached XP level 16. HP: 84/159 MP: 28/28
 25599 | Snake:4  | Noticed Mara
 25603 | Snake:4  | Noticed Krapule's illusion
 25626 | Snake:5  | Entered Level 5 of the Snake Pit
 25821 | Snake:5  | Reached skill level 19 in Fighting
 26354 | Snake:4  | Noticed Krapule's illusion
 26804 | Snake:4  | Noticed Krapule's illusion
 27412 | Snake:5  | Got a serpentine rune of Zot
 27905 | Swamp:1  | Entered Level 1 of the Swamp
 28015 | Swamp:1  | Noticed Sonja
 28021 | Swamp:1  | Killed Sonja
 28188 | Swamp:1  | Noticed Asterion
 28196 | Swamp:1  | Noticed a spectral weapon
 28207 | Swamp:1  | Killed a spectral weapon
 28208 | Swamp:1  | Noticed a spectral weapon
 28209 | Swamp:1  | Killed Asterion
 28859 | Swamp:2  | Reached XP level 17. HP: 169/169 MP: 29/29
 30221 | Swamp:4  | Reached skill level 20 in Fighting
 30789 | Swamp:5  | Entered Level 5 of the Swamp
 30999 | Swamp:5  | Reached skill level 15 in Armour
 31292 | Swamp:5  | Got a decaying rune of Zot
 32100 | Depths:1 | Found a one-way gate leading to the halls of Pandemonium.
 32121 | Depths:1 | Reached XP level 18. HP: 174/180 MP: 31/31
 32182 | Depths:1 | Noticed a lich
 32192 | Depths:1 | Killed a lich
 32361 | Depths:1 | Reached skill level 21 in Fighting
 32390 | Depths:1 | Reached skill level 10 in Long Blades
 32561 | Depths:1 | Found a basalt altar of Yredelemnul.
 32563 | Depths:1 | Noticed a profane servitor
 32592 | Depths:1 | Killed a profane servitor
 32764 | Depths:1 | Noticed Agnes
 32777 | Depths:1 | Killed Agnes
 32844 | Depths:1 | Found a one-way gate to the infinite horrors of the Abyss.
 33279 | Depths:2 | Noticed Sojobo
 33442 | Depths:2 | Killed Sojobo
 33638 | Depths:2 | Reached XP level 19. HP: 191/191 MP: 31/31
 33766 | Depths:2 | Reached skill level 22 in Fighting
 34750 | Depths:3 | Reached skill level 15 in Invocations
 34849 | Depths:3 | Noticed a golden dragon
 34870 | Depths:3 | Noticed a caustic shrike
 34870 | Depths:3 | an iron dragon changed into a caustic shrike
 34877 | Depths:3 | a caustic shrike changed into an alligator snapping turtle
 35542 | Depths:3 | Noticed Wiglaf
 35556 | Depths:3 | Killed Wiglaf
 35923 | Depths:4 | Reached skill level 23 in Fighting
 36158 | Depths:4 | Reached XP level 20. HP: 203/203 MP: 33/33
 36582 | Depths:4 | Got a distressingly furry chain mail
 37200 | Depths:5 | Entered Level 5 of the Depths
 37489 | Depths:4 | Identified the cursed -3 chain mail of Plasticity {rF+ MR+} (You found it on level 4 of the Depths)
 37668 | Depths:5 | Found a gateway to a ziggurat.
 37672 | Depths:5 | Noticed a golden dragon
 37691 | Depths:5 | Killed a golden dragon
 38148 | D:12     | Killed a lindwurm
 38148 | D:12     | Reached skill level 24 in Fighting
 38150 | D:12     | Killed a lindwurm
 38153 | D:12     | Killed a lindwurm
 38158 | D:12     | Killed a lindwurm
 38171 | D:12     | Got a pitted long sword
 38178 | D:13     | Identified the +5 long sword of Defilement {flame, Noisy rC- rN++ MR+ MP+9} (You found it on level 12 of the Dungeon)
 38224 | Vaults:1 | Entered Level 1 of the Vaults
 38428 | Vaults:1 | Found Esuw's Weapon Shop.
 38435 | Vaults:1 | Found Ojudaureuz's Gadget Boutique.
 38589 | Vaults:1 | Reached XP level 21. HP: 205/214 MP: 34/34
 38803 | Vaults:1 | Found Ejilo's Book Shop.
 38829 | Vaults:1 | Found Yxtipres' Armour Shoppe.
 40364 | Vaults:2 | Found a staircase to the Crypt.
 40364 | Vaults:2 | Found a basalt altar of Yredelemnul.
 40365 | Vaults:2 | Found an ancient bone altar of Kikubaaqudgha.
 40538 | Vaults:2 | Reached skill level 25 in Fighting
 40566 | Vaults:2 | Noticed Aizul
 40585 | Vaults:2 | Killed Aizul
 41227 | Vaults:3 | Identified Ycokled's Incunabulum of Glacial Execration
 41573 | Vaults:3 | Reached XP level 22. HP: 222/227 MP: 35/35
 42395 | Vaults:4 | Reached skill level 26 in Fighting
 42988 | Vaults:4 | Got an ancient leather armour
 42989 | Vaults:4 | Identified the -1 leather armour of Evolution {rCorr Str+4 Stlth-} (You found it on level 4 of the Vaults)
 44620 | Orc:1    | Killed an orc knight
 45036 | Orc:2    | Found a roughly hewn altar of Beogh.
 45511 | Orc:1    | Found Klanif's Food Shoppe.
 45555 | Orc:1    | Found a roughly hewn altar of Beogh.
 45821 | Orc:3    | Noticed Joseph
 45824 | Orc:3    | Killed Joseph
 46156 | Orc:3    | Found a radiant altar of Vehumet.
 46241 | Orc:3    | Found a staircase to the Elven Halls.
 46369 | Orc:4    | Entered Level 4 of the Orcish Mines
 46574 | Orc:4    | Found Skaxkeroel's Magic Scroll Emporium.
 46627 | Orc:4    | Found a roughly hewn altar of Beogh.
 46671 | Orc:4    | Found Schuamale's General Store.
 47037 | Orc:4    | Found Twagien's Assorted Antiques.
 47053 | Orc:4    | Bought a glittering lead ring for 170 gold pieces
 47053 | Orc:4    | Identified the ring of Ledetim {MP+9 Str-4 Int+7} (You bought it in a shop on level 4 of the Orcish Mines)
 47062 | Orc:4    | Found Shedenao's Food Shoppe.
 47103 | Orc:4    | Found a roughly hewn altar of Beogh.
 47531 | Orc:4    | Got an ancient lapis lazuli ring
 47764 | Orc:4    | Reached XP level 23. HP: 210/239 MP: 35/35
 48003 | Orc:4    | Bought a scroll of enchant armour for 255 gold pieces
 48059 | Orc:4    | Bought a scroll of enchant armour for 120 gold pieces
 48059 | Orc:4    | Bought a scroll of blinking for 120 gold pieces
 48143 | Elf:1    | Entered Level 1 of the Elven Halls
 48163 | Elf:1    | Identified the ring "Ahuomirphirph" {+Fly rF- rC+ Str+6 Stlth+} (You found it on level 4 of the Orcish Mines)
 48257 | Elf:1    | Reached skill level 27 in Fighting
 48407 | Elf:1    | Paralysed by an orc sorcerer for 3 turns
 49028 | Elf:2    | Noticed Jorgrun
 49044 | Elf:2    | Killed Jorgrun
 49440 | Elf:2    | Found a runed gate.
 49441 | Elf:2    | Found a runed gate.
 49442 | Elf:2    | Found a runed gate.
 50206 | Elf:3    | Entered Level 3 of the Elven Halls
 51474 | Elf:3    | Cast into the Abyss (a deep elf sorcerer)
 51543 | Abyss:1  | Found a sparkling altar of Nemelex Xobeh.
 51726 | Abyss:1  | Paralysed by accursed screaming for 1 turns
 51746 | Abyss:2  | Found a basalt altar of Yredelemnul.
 51827 | Abyss:2  | Lost intelligence.
 51861 | Abyss:2  | Noticed an ancient lich
 51889 | Abyss:2  | Killed an ancient lich
 52274 | Abyss:2  | Noticed an ancient lich
 52282 | Abyss:2  | Killed an ancient lich
 52306 | Abyss:2  | Reached XP level 24. HP: 127/249 MP: 4/28
 52406 | Abyss:2  | HP: 10/249 [starcursed mass/accursed screaming (8)]
 52412 | Abyss:2  | HP: 2/249 [starcursed mass/accursed screaming (9)]
 52416 | Abyss:2  | Killed from afar by a starcursed mass

Action                   |  1- 3 |  4- 6 |  7- 9 | 10-12 | 13-15 | 16-18 | 19-21 | 22-24 || total
-------------------------+-------+-------+-------+-------+-------+-------+-------+-------++-------
Melee: Long sword        |   113 |   139 |   346 |   499 |   113 |   131 |       |       ||  1341
       Great sword       |       |       |       |   214 |  1038 |  1239 |  1548 |  1593 ||  5632
       Unarmed           |       |       |       |       |       |       |    40 |       ||    40
Throw: Throwing net      |       |     2 |     2 |       |       |       |       |       ||     4
Invok: Upheaval          |       |       |     1 |     4 |     1 |     6 |    11 |     4 ||    27
       Disaster Area     |       |       |       |       |     1 |     2 |     1 |     1 ||     5
       Elemental Force   |       |       |       |       |       |     1 |     1 |       ||     2
 Abil: Evoke Berserk Rag |       |       |       |       |       |     3 |     1 |       ||     4
       Evoke Flight      |       |       |       |       |       |       |     1 |     3 ||     4
Evoke: Wand              |       |       |       |     2 |       |       |     1 |     4 ||     7
  Use: Potion            |       |     2 |     4 |       |     5 |     1 |     2 |     5 ||    19
       Scroll            |       |       |     7 |    17 |     4 |     5 |    15 |    15 ||    63
 Stab: Distracted        |       |       |     1 |       |       |       |       |       ||     1
  Eat: Chunk             |     3 |     6 |     7 |    21 |    38 |    21 |    21 |    26 ||   143
       Meat ration       |       |       |     1 |       |     1 |     1 |       |       ||     3
       Bread ration      |       |       |       |       |       |     1 |     1 |     2 ||     4
       Beef jerky        |       |       |       |       |       |     1 |     1 |     1 ||     3
       Fruit             |       |       |       |       |       |       |     3 |       ||     3
